 Dungeon Crawl Stone Soup version 0.31-a0-1068-g5939ac1 (webtiles) character file.

Game seed: 1854791940015680423

344173 PurpleRed the Wrestler (level 23, -18/215 HPs)
             Began as a Meteoran Shapeshifter on Nov 24, 2023.
             Was the Champion of Wu Jian.
             Killed from afar by an iron giant (56 damage)
             ... with an iron shot
             ... on level 2 of the Depths.
             The game lasted 02:36:26 (15790 turns).

PurpleRed the Wrestler (Meteoran Shapeshifter)     Turns: 15790, Time: 02:36:26

Health: -18/215    AC: 44    Str: 31    XL:     23   Next: 69%
Magic:  21/24      EV: 23    Int: 10    God:    Wu Jian [******]
Gold:   2437       SH: 12    Dex: 13    Spells: 22/22 levels left

rFire   + +          .
                       - Unarmed
rCold   + . .        c - +1 kite shield {AC+3}
rNeg    . . .        W - +9 scales of the Dragon King {rPois rF+ rC+ Will+}
rPois   +            O - +2 helmet of Follow the Leader {rPois Regen+ Stlth+}
rElec   +            k - +1 cloak
rCorr   .            m - +2 pair of gloves {Stlth+}
SInv    .            f - +1 pair of boots {Fly}
Will    ++++.        y - amulet of Bilul {rElec Regen+ Str+4 Int-4} Stlth
                     Q - ring of protection from fire
HPRegen 2.15/turn    B - ring of Tusazobb {Will+ Slay+4}
MPRegen 0.19/turn

%: no passive effects
@: about to teleport, in a heavenly storm, flying, glowing
A: sense surroundings 3, otherworldly, glowing, explore regen
}: 3/15 runes: decaying, silver, gossamer
a: Renounce Religion, Wall Jump, Serpent's Lash, Heavenly Storm


You were on level 2 of the Depths.
You worshipped Wu Jian.
Wu Jian was exalted by your worship.
You visited 8 branches of the dungeon, and saw 38 of its levels.
You visited the Abyss 1 time.
You also visited: Ossuary and Desolation.

You collected 3226 gold pieces.
You spent 789 gold pieces at shops.

Inventory:

Hand Weapons
 t - a +6 eveningstar of holy wrath
Missiles
 Y - 2 curare-tipped darts
Armour
 c - a +1 kite shield of protection (worn)
 f - a +1 pair of boots of flying (worn)
 k - a +1 cloak (worn)
 m - a +2 pair of gloves of stealth (worn)
 u - the +3 helmet of Ysyt {+Inv rElec MP+9}
   (You acquired it on level 7 of the Dungeon)

   rElec:     It insulates you from electricity.
   MP+9:      It affects your magic capacity (+9).
   +Inv:      It lets you turn invisible.
 O - the +2 helmet of Follow the Leader (worn) {rPois Regen+ Stlth+}
   (You found it on level 7 of the Dungeon)

   rPois:     It protects you from poison Regen+: It increases your rate of
   health regeneration.
   Stlth+:    It makes you more stealthy.
 T - the +2 chain mail of Heresy {rC+++ rCorr Int-5}
   (You bought it in a shop on level 2 of the Orcish Mines)

   Int-5:     It affects your intelligence (-5).
   rC+++:     It renders you almost immune to cold.
   rCorr:     It protects you from acid and corrosion.
 U - a +0 tower shield
 W - the +9 scales of the Dragon King (worn) {rPois rF+ rC+ Will+}
   (You found it in the Desolation of Salt)

   rF+:       It protects you from fire.
   rC+:       It protects you from cold.
   rPois:     It protects you from poison Will+: It increases your willpower.
Jewellery
 o - an amulet of reflection
 q - a ring of positive energy
 w - the amulet "Tiekuhut" {Reflect rElec Int+6 SH+5}
   (You found it on level 5 of the Vaults)

   [amulet of reflection]

   Reflect:   It reflects blocked missile attacks.
   Int+6:     It affects your intelligence (+6).
   rElec:     It insulates you from electricity.
   SH+5:      It affects your SH (+5).
 y - the amulet of Bilul (around neck) {rElec Regen+ Str+4 Int-4}
   (You took it off an ironbound preserver on level 5 of the Vaults)

   [amulet of regeneration]

   Str+4:     It affects your strength (+4).
   Int-4:     It affects your intelligence (-4).
   rElec:     It insulates you from electricity.
   Regen+:    It increases your rate of health regeneration.
 B - the ring of Tusazobb (right hand) {Will+ Slay+4}
   (You found it in the Desolation of Salt)

   [ring of slaying]

   Slay+4:    It affects your accuracy & damage with ranged weapons and melee
   (+4).
   Will+:     It increases your willpower.
 H - the ring of Emoakh {*Corrode +Blink Fly Str+5 Int+3}
   (You found it in the Desolation of Salt)

   [ring of flight]

   Str+5:     It affects your strength (+5).
   Int+3:     It affects your intelligence (+3).
   Fly:       It grants you flight.
   +Blink:    It lets you blink.
   *Corrode:  It may corrode you when you take damage.
 K - a ring of protection from cold
 Q - a ring of protection from fire (left hand)
Talismans
 d - a flux talisman
 N - a maw talisman
 Z - a talisman of death
Wands
 j - a wand of digging (4)
 r - a wand of charming (30)
 v - a wand of mindburst (34)
 L - a wand of roots (17)
 S - a wand of quicksilver (5)
Scrolls
 a - 3 scrolls of silence
 g - 4 scrolls of vulnerability
 h - 6 scrolls of identify
 s - 2 scrolls of enchant armour
 z - 14 scrolls of teleportation
 D - 4 scrolls of torment
 I - 4 scrolls of immolation
 M - a scroll of blinking
 R - 3 scrolls of revelation
 X - a scroll of fear
Potions
 e - 5 potions of enlightenment
 i - 6 potions of haste
 l - 4 potions of attraction
 n - 8 potions of ambrosia
 p - a potion of berserk rage
 x - 5 potions of curing
 A - 8 potions of might
 C - 7 potions of lignification
 E - 4 potions of mutation
 F - 2 potions of resistance
 G - 3 potions of cancellation
 J - 5 potions of brilliance
 P - 3 potions of magic
 V - a potion of heal wounds
Miscellaneous
 b - a phial of floods


   Skills:
 - Level 20.0 Fighting
 - Level 15.1 Armour
 - Level 10.0 Dodging
 - Level 10.1 Shields
 - Level 26.0 Unarmed Combat
 - Level 5.0 Evocations
 * Level 19.7 Shapeshifting


You had 22 spell levels left.
You didn't know any spells.
Your spell library contained the following spells:

 Spells                   Type           Power      Damage    Failure   Level
 Apportation              Tloc           0%         N/A       100%        1
 Necrotise                Necr           0%         1d4       100%        1
 Summon Small Mammal      Summ           0%         N/A       100%        1
 Ensorcelled Hibernation  Hex/Ice        0%         N/A       100%        2
 Lesser Beckoning         Tloc           0%         N/A       100%        2
 Passwall                 Tmut/Erth      0%         N/A       100%        2
 Sublimation of Blood     Necr           0%         N/A       100%        2
 Wereblood                Tmut           0%         N/A       100%        2
 Dazzling Flash           Conj/Hex       0%         N/A       100%        3
 Ozocubu's Armour         Ice            0%         N/A       100%        3
 Stone Arrow              Conj/Erth      0%         3d7       100%        3
 Summon Guardian Golem    Hex/Summ       0%         N/A       100%        3
 Swiftness                Air            0%         N/A       100%        3
 Teleport Other           Tloc           0%         N/A       100%        3
 Vampiric Draining        Necr           0%         2d6       100%        3
 Volatile Blastmotes      Fire/Tloc      0%         2d10      100%        3
 Animate Armour           Summ/Erth      0%         N/A       100%        4
 Animate Dead             Necr           0%         N/A       100%        4
 Dispel Undead            Necr           0%         3d6       100%        4
 Sticky Flame             Conj/Fire      0%         2d3       100%        4
 Vhi's Electric Charge    Tloc/Air       0%         N/A       100%        4
 Agony                    Necr           0%         N/A       100%        5
 Arcjolt                  Conj/Air       0%         1d10      100%        5
 Borgnjor's Vile Clutch   Necr/Erth      0%         N/A       100%        5
 Irradiate                Conj/Tmut      0%         3d11      100%        5
 Death Channel            Necr           0%         N/A       100%        6
 Eringya's Noxious Bog    Tmut/Pois      0%         4d6       100%        6
 Simulacrum               Ice/Necr       0%         N/A       100%        6
 Starburst                Conj/Fire      0%         6d3       100%        6
 Malign Gateway           Summ/Tloc      0%         N/A       100%        7
 Orb of Destruction       Conj           0%         9d5       100%        7
 Ozocubu's Refrigeration  Ice            0%         4d7       100%        7
 Spellforged Servitor     Conj/Summ      0%         N/A       100%        7
 Summon Hydra             Summ           0%         N/A       100%        7
 Infestation              Necr           0%         N/A       100%        8
 Lehudib's Crystal Spear  Conj/Erth      0%         10d2      100%        8
 Maxwell's Capacitive Co  Air            0%         ∞         100%        8
 Summon Horrible Things   Summ           0%         N/A       100%        8
 Chain Lightning          Conj/Air       0%         N/A       100%        9
 Dragon's Call            Summ           0%         N/A       100%        9


Dungeon Overview and Level Annotations

Branches:
Dungeon (15/15) Zot: 2339  Temple (1/1) D:5 Zot: 579    Lair (5/5) D:9 Zot: 981
  Swamp (4/4) Lair:3 Zot: 1052  Spider (4/4) Lair:3 Zot: 1397   Slime (0/5) Lair:5
    Orc (2/2) D:11 Zot: 511     Elf (0/3) Orc:2        Vaults (5/5) D:13 Zot: 682
  Crypt (0/3) Vaults:2     Depths (2/4) D:15 Zot: 881 Ossuary (visited)
Desolation (visited)

Altars:
Ashenzari
Cheibriados
Dithmenos
Elyvilon
Fedhas
Gozag
Hepliaklqana
Kikubaaqudgha
Makhleb
Nemelex Xobeh
Okawaru
Qazlal
Ru
Sif Muna
Trog
Uskayaw
Vehumet
Wu Jian
Xom
Yredelemnul
Zin
The Shining One
Jiyva
Lugonu

Shops:
D:12 *   Orc:2 [?*:   Depths:1 :*

Portals:
Abyss: Lair:5 Depths:1

Annotations:
D:6 3 runed translucent doors, lunatic's ghost, novice DEHs
Lair:2 3 runed translucent doors, Xirrym's ghost, journeyman MfEE


Innate Abilities, Weirdness & Mutations

You passively map a large area around you.
You are easily found by Zot.
You glow in the dark.
You regain HP and MP as you explore.


Message History

The iron dragon is lightly wounded.
You punch the iron dragon!
The iron dragon is lightly wounded.
The iron dragon breathes metal splinters at you.
The spray of metal splinters hits you but does no damage.
The spriggan rider misses you.
You spin and attack the iron dragon repeatedly.
You punch the iron dragon!
The iron dragon is moderately wounded.
You pummel the iron dragon like a punching bag!!!
The iron dragon is heavily wounded.
You spin and attack the tengu reaver repeatedly.
You pummel the tengu reaver!!
The tengu reaver is moderately wounded.
You pummel the tengu reaver!!
The tengu reaver is heavily wounded.
The iron giant barely misses you. You block the spriggan rider's attack.
The iron dragon bites you but does no damage.
The iron dragon claws you but does no damage.
The iron dragon tramples you.
You are shoved backwards!
You spin and attack the iron dragon repeatedly.
You punch the iron dragon!
The iron dragon is severely wounded.
You pulverise the iron dragon!!!
The iron dragon is almost dead.
You spin and attack the tengu reaver repeatedly.
You squash the tengu reaver like an ant!!!
You kill the tengu reaver!
The Council accepts your kill. The juggernaut hits you!!!
* * * LOW HITPOINT WARNING * * *
The juggernaut hits you but does no damage.
The iron dragon completely misses you.
The iron dragon claws you but does no damage.
The iron dragon completely misses you.
As you read the scroll of teleportation, it crumbles to dust.
You feel strangely unstable.
The iron giant gestures at you while chanting.
The iron shot hits you!!!
You die...

,,
#.........[.†.....##
..........)....#$..# *
,...)....TT.....#....
* ,
.......#TTQ.○...... ,
~ .......○T○Q....#.#.
.......§T°##...#.### ~
≈.....§iTQ##.......# ~
~~.....CDC##......##
~~
≈~....§☼§@#........# ,
≈≈....☼°○☼§☼.......#
≈≈.....§☼☼§§........#
~≈~..##..............#
* , ~~~..
##....##.....### ..
####.###...## *,, ###
#..## * *, ####


You could see an iron giant, a juggernaut, an iron dragon, an iron troll, a
spriggan rider and a tengu warrior.

Vanquished Creatures
  Mennas (Vaults:3)
  Mara (Vaults:2)
  A juggernaut (Depths:2)
  3 golden dragons (Vaults:5)
  Nikola (Depths:2)
  4 tentacled monstrosities (Vaults:5)
  A walking crystal tome (Depths:2)
  A walking earthen tome (Depths:2)
  Rupert (D:15)
  3 liches (Depths:1)
  2 quicksilver dragons (Vaults:5)
  4 titans (Vaults:5)
  2 thorn hunters
  An ancient champion (Vaults:2)
  3 tentacled starspawn (Abyss:2)
  5 tengu reavers
  2 fenstrider witches
  5 shadow dragons
  2 storm dragons (Vaults:5)
  2 iron dragons (Vaults:5)
  A frost giant (Vaults:5)
  9 vault wardens
  A fire giant (Vaults:5)
  A deep elf sorcerer (Vaults:5)
  Louise (D:14)
  3 ghost moths
  5 emperor scorpions
  An orc warlord (Vaults:1)
  2 imperial myrmidons (Desolation)
  5 very ugly things
  2 war gargoyles
  10 stone giants
  11 ironbound preservers
  4 ironbound thunderhulks
  The ghost of Sutaix the Wallflower, a journeyman VSFi of Uskayaw (Orc:1)
  3 eleionomae
  4 deep elf demonologists
  6 spark wasps
  14 dire elephants
  2 bunyips
  A vampire knight (Depths:1)
  A halazid warlock (Desolation)
  Azrael (D:15)
  3 deep elf annihilators (Vaults:5)
  3 crystal guardians
  Josephine (Swamp:1)
  4 entropy weavers
  9 yaktaur captains
  An ettin (Vaults:4)
  4 ragged hierophants
  3 fire dragons
  18 hydras
  2 shambling mangroves
  A deep elf high priest (Vaults:5)
  3 great orbs of eyes
  37 vault guards
  5 peacekeepers
  An ice dragon (Depths:2)
  A rakshasa (Depths:1)
  5 servants of whispers (Desolation)
  3 spriggan air magi
  9 alligators
  4 ogre magi
  2 centaur warriors (D:15)
  5 ironbound frosthearts
  Erica (Orc:1)
  A radroach (Spider:1)
  2 ghost crabs
  10 two-headed ogres
  4 boulder beetles
  A death yak (shapeshifter) (Vaults:5)
  5 deep troll earth magi
  11 death yaks (Lair:5)
  A deep troll shaman (Depths:2)
  A demonic crawler (Spider:2)
  2 tengu warriors
  4 thrashing horrors
  An orc high priest (Orc:1)
  A deep elf knight (Vaults:5)
  5 spriggan berserkers
  A wretched star (Abyss:2)
  A hell knight (Vaults:5)
  3 pharaoh ants
  A sun moth (Spider:4)
  7 iron trolls
  3 goliath frogs (Swamp:3)
  2 shadow wraiths
  A sixfirhy (D:10)
  5 large abominations (Abyss:2)
  9 skeletal warriors
  A bunyip zombie (Swamp:2)
  A death drake (shapeshifter) (Abyss:2)
  6 spriggan druids
  A glowing orange brain (Vaults:2)
  A glowing orange brain (shapeshifter) (Vaults:5)
  A goliath frog (shapeshifter) (Vaults:5)
  3 bog bodies
  11 swamp dragons
  A deep elf archer (Vaults:5)
  A shadow demon (Abyss:2)
  19 deep trolls
  A lindwurm (shapeshifter) (Vaults:5)
  7 orb spiders
  7 phantasmal warriors
  5 orc knights
  A deep elf zephyrmancer (Vaults:5)
  2 steelbarb worms
  An arcanist (Vaults:4)
  A deep elf pyromancer (Vaults:5)
  15 ironbound convokers
  An oklob plant (Lair:5)
  A necromancer (Swamp:2)
  An orc sorcerer (Orc:2)
  3 tengu skeletons (Vaults:2)
  17 ugly things
  A wolf spider zombie (D:12)
  3 will-o-the-wisps
  A manticore (D:14)
  3 wolf spiders
  2 manticores (shapeshifter)
  3 cyclopes
  A guardian serpent (shapeshifter) (Lair:5)
  6 centaur zombies (D:12)
  12 elephants (Lair:5)
  Joseph (D:8)
  2 guardian serpents (Desolation)
  A black mamba (Lair:3)
  A stone giant skeleton (Vaults:2)
  6 vault sentinels
  3 torpor snails
  A frost giant skeleton (Vaults:2)
  A molten gargoyle (Desolation)
  2 smoke demons
  9 cane toads
  An unseen horror (D:11)
  Maggie (D:8)
  An elf skeleton (Vaults:2)
  3 kobold demonologists
  A rime drake (Lair:4)
  2 komodo dragons (shapeshifter)
  3 tengu conjurers
  3 komodo dragons
  20 yaktaurs
  A freezing wraith (Vaults:5)
  2 hydra zombies (Swamp:2)
  A meliai (Lair:3)
  14 trolls
  A bloated husk (Swamp:3)
  A red devil (D:9)
  3 polar bears
  15 tarantellas
  7 tyrant leeches
  25 hornets
  38 saltlings
  28 blink frogs
  2 raiju (Lair:5)
  3 dream sheep (Lair:5)
  2 ettin skeletons (Vaults:2)
  18 slime creatures
  11 culicivoras
  4 vampires
  9 jumping spiders
  21 spriggans
  2 water elementals (Depths:2)
  3 shadows (D:12)
  9 wraiths
  5 wyverns
  3 fire elementals (D:15)
  4 basilisks
  4 ynoxinuls
  4 starcursed masses (Abyss:2)
  27 yaks
  Grum (D:8)
  A steam dragon (D:8)
  23 redbacks
  15 vampire mosquitoes
  2 chaos spawn
  8 swamp worms
  3 wargs
  15 small abominations
  4 acid dragons
  17 water moccasins
  3 hell hounds (D:15)
  20 orc warriors
  9 swamp drakes
  A glowing shapeshifter skeleton (Vaults:2)
  3 human skeletons (Vaults:2)
  An ice beast (Vaults:2)
  2 sky beasts
  A black bear (Lair:1)
  A swamp dragon zombie (Swamp:2)
  3 wolves
  4 centaurs
  22 ogres
  A phantom (D:6)
  4 kobold brigands
  A gnoll sergeant (D:8)
  14 bullfrogs
  3 scorpions
  4 earth elementals (D:14)
  A water moccasin zombie (Ossuary)
  5 wights
  17 killer bees
  5 howler monkeys
  5 electric eels
  2 lava snakes (Lair:4)
  4 hounds
  2 jellies (D:8)
  A quasit (Abyss:2)
  11 orc priests
  Jessica (D:3)
  An iguana (D:5)
  3 sleepcaps
  14 orc wizards
  Natasha (twice) (D:4)
  3 mummies
  Robin (D:4)
  18 gnolls
  6 adders
  2 white imps
  7 adder zombies (Ossuary)
  A worm (D:2)
  4 dart slugs
  56 orcs
  4 ball pythons
  5 bats
  5 endoplasms
  4 giant cockroaches (D:4)
  16 goblins
  9 hobgoblins
  6 jackals
  11 kobolds
  4 quokkas
  5 frilled lizards
  4 gnoll zombies (Ossuary)
  A goblin zombie (D:7)
  5 hobgoblin zombies (Ossuary)
  5 kobold zombies
  2 orc zombies (Ossuary)
  2 rats (D:2)
1257 creatures vanquished.

Vanquished Creatures (collateral kills)
  A gnoll bouda (D:8)
  2 orc wizards
  An orc (D:4)
4 creatures vanquished.

Vanquished Creatures (others)
  A deep troll earth mage (Depths:2)
  A deep troll shaman (Depths:2)
  A tengu warrior (Depths:2)
  3 ugly things (Depths:2)
  2 bloated husks
  Sigmund (D:4)
  A vampire mosquito (Swamp:2)
  16 foxfires
  8 starspawn tentacles (Abyss:2)
34 creatures vanquished.

Grand Total: 1295 creatures vanquished

Notes
Turn   | Place    | Note
-------+----------+-------------------------------------------
     0 | D:1      | PurpleRed the Meteoran Shapeshifter began the quest for the
                  | Orb.
     0 | D:1      | Reached XP level 1. HP: 16/16 MP: 2/2
   115 | D:2      | Reached skill level 4 in Unarmed Combat
   115 | D:2      | Reached XP level 2. HP: 17/23 MP: 3/3
   187 | D:1      | Found a faded altar of an unknown god.
   229 | D:1      | Reached XP level 3. HP: 23/29 MP: 4/4
   386 | D:2      | Found a basalt altar of Yredelemnul.
   493 | D:2      | Reached XP level 4. HP: 36/36 MP: 5/5
   580 | D:2      | Reached skill level 5 in Unarmed Combat
   661 | D:4      | Noticed Robin
   704 | D:3      | Found a hazy altar of Hepliaklqana.
   705 | D:3      | Found a faded altar of an unknown god.
   705 | D:3      | Noticed Jessica
   710 | D:3      | Killed Jessica
   711 | D:3      | Reached XP level 5. HP: 42/42 MP: 6/6
   757 | D:3      | You fall into a shaft and drop 2 floors!
   757 | D:5      | Entered Level 5 of the Dungeon
   809 | D:4      | Found a glowing golden altar of the Shining One.
   910 | D:4      | Reached skill level 6 in Unarmed Combat
   955 | D:4      | Reached XP level 6. HP: 51/51 MP: 7/7
   975 | D:4      | Killed Robin
  1220 | D:4      | Noticed Sigmund
  1251 | D:4      | Noticed Natasha
  1278 | D:4      | Your ally Sigmund died
  1462 | D:4      | Killed Natasha
  1517 | D:4      | Found a snail-covered altar of Cheibriados.
  1552 | D:4      | Reached skill level 7 in Unarmed Combat
  1552 | D:4      | Reached XP level 7. HP: 58/58 MP: 8/8
  1590 | D:4      | Noticed Natasha
  1597 | D:4      | Killed Natasha
  1725 | D:5      | Found a basalt altar of Yredelemnul.
  1857 | D:5      | Found a staircase to the Ecumenical Temple.
  1866 | Temple   | Entered the Ecumenical Temple
  1877 | Temple   | Became a worshipper of the Wu Jian Council
  1927 | D:6      | Found a runed translucent gate.
  1927 | D:6      | Found a runed translucent gate.
  1928 | D:6      | Found a blossoming altar of Fedhas.
  1941 | D:6      | Noticed lunatic's ghost (novice DEHs)
  1955 | D:6      | Reached skill level 8 in Unarmed Combat
  1955 | D:6      | Reached XP level 8. HP: 28/67 MP: 9/9
  1972 | D:5      | Found a bloodstained altar of Trog.
  2025 | D:5      | Found an iron altar of Okawaru.
  2138 | D:6      | Reached skill level 5 in Shapeshifting
  2158 | D:5      | Reached skill level 5 in Fighting
  2175 | D:5      | Found a glowing silver altar of Zin.
  2176 | D:5      | Reached * piety under Wu Jian
  2262 | D:5      | Reached skill level 9 in Unarmed Combat
  2393 | D:6      | Found a runed translucent gate.
  2477 | D:6      | Gained mutation: You passively map the area around you.
                  | [Meteoran growth]
  2477 | D:6      | Reached XP level 9. HP: 67/75 MP: 10/10
  2610 | D:7      | Identified a scroll of acquirement
  2610 | D:7      | Acquired the +3 helmet of Ysyt {+Inv rElec MP+9}
  2708 | D:7      | Found a sand-covered staircase.
  2715 | Ossuary  | Entered an ossuary
  2779 | Ossuary  | Reached ** piety under Wu Jian
  2987 | D:7      | Found a shimmering altar of Xom.
  2988 | D:7      | Found a broken altar of Ashenzari.
  2990 | D:7      | Found a shimmering blue altar of Sif Muna.
  2999 | D:7      | Reached skill level 10 in Unarmed Combat
  3239 | D:7      | Identified the +2 helmet of Follow the Leader {rPois Regen+
                  | Stlth+}
  3473 | D:9      | Reached skill level 11 in Unarmed Combat
  3473 | D:9      | Reached XP level 10. HP: 67/84 MP: 11/11
  3493 | D:9      | Found a staircase to the Lair.
  3540 | D:9      | Found a sparkling altar of Nemelex Xobeh.
  3648 | D:8      | Found a hide-covered altar of Uskayaw.
  3712 | D:8      | Noticed Maggie
  3712 | D:8      | Noticed Joseph
  3718 | D:8      | Reached *** piety under Wu Jian
  3736 | D:8      | Killed Maggie
  3737 | D:8      | Reached skill level 12 in Unarmed Combat
  3737 | D:8      | Killed Joseph
  3738 | D:8      | Reached skill level 1 in Armour
  3829 | D:8      | Noticed a kobold demonologist
  3838 | D:8      | Killed a kobold demonologist
  3897 | D:8      | Noticed Grum
  3906 | D:8      | Killed Grum
  3907 | D:8      | Reached skill level 13 in Unarmed Combat
  3910 | D:8      | Reached XP level 11. HP: 75/95 MP: 12/12
  3931 | D:8      | Noticed a two-headed ogre
  3982 | D:8      | Killed a two-headed ogre
  4048 | D:8      | Noticed a boulder beetle
  4102 | D:8      | Killed a boulder beetle
  4103 | D:8      | Reached skill level 14 in Unarmed Combat
  4123 | D:8      | Reached skill level 5 in Armour
  4236 | D:8      | Reached **** piety under Wu Jian
  4302 | D:8      | Noticed an ogre mage
  4310 | D:8      | Killed an ogre mage
  4375 | D:9      | Reached skill level 10 in Fighting
  4437 | D:9      | Noticed a smoke demon
  4446 | D:9      | Killed a smoke demon
  4447 | D:9      | Reached skill level 15 in Unarmed Combat
  4514 | D:9      | Reached XP level 12. HP: 102/106 MP: 13/13
  4532 | D:10     | Entered Level 10 of the Dungeon
  4662 | D:10     | Found a runed translucent door.
  4663 | D:10     | Found a burning altar of Makhleb.
  4663 | D:10     | Noticed a sixfirhy
  4702 | D:10     | Killed a sixfirhy
  5025 | D:12     | Reached ***** piety under Wu Jian
  5027 | D:12     | Reached skill level 16 in Unarmed Combat
  5168 | D:12     | Reached XP level 13. HP: 51/116 MP: 14/14
  5243 | D:12     | Found Zuockeb's Blood Bar.
  5416 | D:11     | Reached skill level 17 in Unarmed Combat
  5416 | D:11     | Found a staircase to the Orcish Mines.
  5419 | D:11     | Noticed a two-headed ogre
  5426 | D:11     | Killed a two-headed ogre
  5619 | Lair:1   | Entered Level 1 of the Lair of Beasts
  5625 | Lair:1   | You fall into a shaft and drop 1 floor!
  5625 | Lair:2   | Found a runed translucent gate.
  5625 | Lair:2   | Found a runed translucent gate.
  5625 | Lair:2   | Found a runed translucent gate.
  5628 | Lair:2   | Noticed a ten-headed hydra
  5628 | Lair:2   | Noticed Xirrym's ghost (journeyman MfEE)
  5628 | Lair:2   | Noticed an 11-headed hydra
  5685 | Lair:1   | Reached skill level 5 in Dodging
  5807 | Lair:3   | Found a staircase to the Swamp.
  5865 | Lair:3   | Reached skill level 18 in Unarmed Combat
  5945 | Lair:3   | Found a hole to the Spider Nest.
  6067 | Lair:4   | Reached XP level 14. HP: 102/127 MP: 15/15
  6415 | Lair:5   | Entered Level 5 of the Lair of Beasts
  6440 | Lair:5   | Reached skill level 10 in Armour
  6445 | Lair:5   | Reached skill level 19 in Unarmed Combat
  6485 | Lair:5   | Reached ****** piety under Wu Jian
  6793 | Lair:5   | Found a viscous altar of Jiyva.
  6798 | Lair:5   | Found a staircase to the Slime Pits.
  6888 | Lair:5   | Reached skill level 20 in Unarmed Combat
  6891 | Lair:5   | Reached XP level 15. HP: 57/136 MP: 16/16
  6903 | Lair:5   | Identified the +3 scale mail of Wuser {+Blink}
  7233 | Lair:5   | Found a corrupted altar of Lugonu.
  7233 | Lair:5   | Found a one-way gate to the infinite horrors of the Abyss.
  7549 | Orc:1    | Entered Level 1 of the Orcish Mines
  7560 | Orc:1    | Found a runed translucent door.
  7561 | Orc:1    | Noticed Sutaix's ghost (journeyman VSFi)
  7582 | Orc:1    | Killed Sutaix's ghost
  7624 | Orc:1    | Reached skill level 21 in Unarmed Combat
  7638 | Orc:2    | Entered Level 2 of the Orcish Mines
  7776 | Orc:2    | Noticed a stone giant
  7780 | Orc:2    | Killed a stone giant
  7805 | Orc:2    | Reached XP level 16. HP: 93/147 MP: 17/17
  7833 | Orc:2    | Reached skill level 22 in Unarmed Combat
  7859 | Orc:2    | Found Gise's Antique Armour Boutique.
  7860 | Orc:2    | Found Ynutevi's Magic Scroll Boutique.
  7912 | Orc:2    | Found Voupaoci's General Store.
  7914 | Orc:2    | Found Ucuisan's Book Shop.
  7927 | Orc:2    | Bought a pair of glowing boots for 217 gold pieces
  7940 | Orc:2    | Bought a scroll of enchant armour for 127 gold pieces
  7940 | Orc:2    | Bought a scroll of identify for 34 gold pieces
  7940 | Orc:2    | Bought a scroll of teleportation for 51 gold pieces
  7962 | Orc:2    | Bought a scroll of identify for 34 gold pieces
  7962 | Orc:2    | Bought a scroll of teleportation for 51 gold pieces
  7968 | Orc:2    | Bought an ichor-stained chain mail for 275 gold pieces
  7968 | Orc:2    | Identified the +2 chain mail of Heresy {rC+++ rCorr Int-5}
                  | (You bought it in a shop on level 2 of the Orcish Mines)
  8041 | Orc:2    | Reached skill level 15 in Fighting
  8090 | Orc:2    | Found a staircase to the Elven Halls.
  8151 | Orc:1    | Noticed Erica
  8165 | Orc:1    | Killed Erica
  8281 | D:13     | Identified the +2 hand axe of Huuqo {drain, rElec rF- Str-2
                  | SInv}
  8339 | D:15     | Entered Level 15 of the Dungeon
  8417 | D:15     | Found a staircase to the Depths.
  8536 | D:15     | Reached skill level 1 in Evocations
  8675 | D:15     | Noticed Rupert
  8687 | D:15     | Killed Rupert
  8702 | D:15     | Noticed Azrael
  8713 | D:15     | Killed Azrael
  8826 | D:14     | Noticed Louise
  8840 | Abyss:2  | Cast into level 2 of the Abyss (Louise)
  8883 | Abyss:2  | Found a corrupted altar of Lugonu.
  8950 | Abyss:2  | Noticed a tentacled starspawn
  8989 | Abyss:2  | Killed a tentacled starspawn
  9126 | Abyss:2  | Noticed a bone dragon
  9137 | Abyss:2  | Reached XP level 17. HP: 156/156 MP: 13/16
  9137 | Abyss:2  | Noticed a tentacled starspawn
  9142 | Abyss:2  | Reached skill level 23 in Unarmed Combat
  9154 | Abyss:2  | Noticed a tentacled starspawn
  9159 | Abyss:2  | Killed a tentacled starspawn
  9165 | Abyss:2  | Killed a tentacled starspawn
  9182 | D:14     | Escaped the Abyss
  9188 | D:14     | Killed Louise
  9213 | D:14     | Reached skill level 5 in Evocations
  9352 | D:13     | Found a gate to the Vaults.
  9655 | Swamp:1  | Entered Level 1 of the Swamp
  9661 | Swamp:1  | Noticed Josephine
  9678 | Swamp:1  | Killed Josephine
  9790 | Swamp:2  | Noticed a fenstrider witch
  9800 | Swamp:2  | Killed a fenstrider witch
  9843 | Swamp:3  | Noticed a thorn hunter
  9852 | Swamp:3  | Killed a thorn hunter
  9944 | Swamp:4  | Entered Level 4 of the Swamp
 10067 | Swamp:3  | Reached skill level 24 in Unarmed Combat
 10067 | Swamp:3  | Gained mutation: You passively map a large area around you.
                  | [Meteoran growth]
 10067 | Swamp:3  | Reached XP level 18. HP: 83/167 MP: 19/19
 10230 | Swamp:4  | Paralysed by a hornet for 2 turns
 10326 | Swamp:4  | Reached skill level 10 in Shapeshifting
 10384 | Swamp:4  | Noticed a thorn hunter
 10403 | Swamp:4  | Killed a thorn hunter
 10485 | Swamp:4  | Got a decaying rune of Zot
 11192 | Spider:1 | Entered Level 1 of the Spider Nest
 11326 | Spider:4 | Entered Level 4 of the Spider Nest
 11343 | Spider:4 | Reached XP level 19. HP: 169/177 MP: 20/20
 11552 | Spider:4 | Reached skill level 25 in Unarmed Combat
 11829 | Spider:4 | Got a gossamer rune of Zot
 11837 | Spider:4 | Identified the +0 hat "Gytong" {Will+ Str+2}
 12437 | Vaults:1 | Entered Level 1 of the Vaults
 12600 | Vaults:2 | Noticed Mara
 12606 | Vaults:2 | Killed Mara
 12668 | Vaults:2 | Reached skill level 10 in Dodging
 12727 | Vaults:2 | Reached XP level 20. HP: 151/187 MP: 21/21
 12958 | Vaults:2 | Found a staircase to the Crypt.
 13359 | Vaults:2 | Reached skill level 26 in Unarmed Combat
 13590 | Vaults:4 | Found a crumbling gateway.
 13605 | Desolati | Entered the Desolation of Salt
 13714 | Desolati | Found the +10 morningstar "Eos" {elec, Halo rElec}
 13723 | Desolati | Got the Almanac of Translocated Creation
 13724 | Desolati | Identified the ring of Tusazobb {Will+ Slay+4}
 13732 | Desolati | Reached XP level 21. HP: 193/198 MP: 22/22
 13771 | Desolati | Identified the staff "Poiphy" {rN+++ Str-3 Int+2 Dex-4
                  | Conj}
 13778 | Desolati | Got the Precepts of Bloody Nephomancy
 13843 | Desolati | Found the +9 scales of the Dragon King {rPois rF+ rC+
                  | Will+}
 13851 | Desolati | Identified the ring of Emoakh {*Corrode +Blink Fly Str+5
                  | Int+3}
 13864 | Desolati | Got Sif Muna's Quarto of Summoning and Flesh
 13934 | Desolati | Identified the ring of Saczu {Ice rPois Int-3 Dex+6}
 14071 | Vaults:5 | Entered Level 5 of the Vaults
 14104 | Vaults:5 | Noticed a Tzitzimitl
 14196 | Vaults:5 | Noticed a golden dragon
 14218 | Vaults:4 | Reached skill level 15 in Armour
 14218 | Vaults:4 | Reached skill level 15 in Shapeshifting
 14222 | Vaults:4 | HP: 8/201 [phantasmal warrior (16)]
 14281 | Vaults:5 | HP: 9/201 [golden dragon/bolt of fire (8)]
 14326 | Vaults:5 | Reached skill level 1 in Shields
 14332 | Vaults:5 | Killed a golden dragon
 14381 | Vaults:5 | Noticed a tentacled monstrosity
 14382 | Vaults:5 | Noticed a golden dragon
 14386 | Vaults:5 | Identified the +5 great sword "Kihie" {drain, *Rage rElec
                  | rC+ Int+8}
 14395 | Vaults:5 | Killed a golden dragon
 14398 | Vaults:5 | Killed a tentacled monstrosity
 14401 | Vaults:5 | Reached XP level 22. HP: 160/209 MP: 23/23
 14404 | Vaults:5 | Noticed a golden dragon
 14419 | Vaults:5 | Killed a golden dragon
 14470 | Vaults:5 | Reached skill level 5 in Shields
 14528 | Vaults:5 | Identified the +6 halberd "Puntan" {speed, Fragile rElec
                  | Will+ Int+7}
 14582 | Vaults:5 | Got a silver rune of Zot
 14583 | Vaults:5 | Identified the amulet "Tiekuhut" {Reflect rElec Int+6 SH+5}
 14709 | Vaults:5 | Got the Treatise on Snowy Bolts
 14810 | Vaults:5 | Noticed a Brimstone Fiend
 14827 | Vaults:5 | Identified the amulet of Bilul {rElec Regen+ Str+4 Int-4}
 14909 | Vaults:5 | Identified the +7 dagger "Bosiut" {protect, Int+3}
 14926 | Vaults:5 | Noticed an ancient lich
 15004 | Vaults:5 | Identified the +2 trident of Quukk {flame, *Noise rC+
                  | Str+3}
 15021 | Vaults:5 | Reached XP level 23. HP: 184/215 MP: 24/24
 15141 | Vaults:4 | Reached skill level 10 in Shields
 15181 | Vaults:3 | Noticed Mennas
 15214 | Vaults:3 | Killed Mennas
 15459 | Depths:1 | Entered Level 1 of the Depths
 15498 | Depths:1 | Found Voasimuh's One-of-a-Kind Books.
 15550 | Depths:2 | Noticed Nikola
 15571 | Depths:2 | Killed Nikola
 15600 | Depths:1 | Found Vanonoas's Mass Market.
 15707 | Depths:1 | Found a radiant altar of Vehumet.
 15737 | Depths:1 | Found a sparkling altar of Nemelex Xobeh.
 15742 | Depths:1 | You are sucked into a shaft and drop 1 floor!
 15758 | Depths:2 | Noticed a juggernaut
 15775 | Depths:2 | Noticed a juggernaut
 15786 | Depths:2 | Killed a juggernaut
 15790 | Depths:2 | Killed from afar by an iron giant

Illustrated notes

Levels and vault maps discovered:
D:1:      minmay_arrival_open_corners, layout_rooms,
          dreamdust_ecumenical_altar_statues
D:2:      layout_basic, basic_altar
D:3:      layout_loops_ring, beargit_hepliaklqana_dungeon_heroes, serial_forest,
          infiniplex_forest_lined_2, infiniplex_forest_clump_long,
          infiniplex_forest_zigzag_1, infiniplex_forest_clump_large,
          infiniplex_forest_clump_large, infiniplex_forest_clump_curved,
          infiniplex_forest_straight_1
D:4:      layout_basic, general_overflow_altar, kennysheep_little_box,
          small_statue_intersection, uniq_natasha, uniq_sigmund, uniq_robin
D:5:      layout_basic, overflow_temple_1_default, okawaru_gym_becter,
          lemuel_tele_altar, amcnicky_altar_gilded, lemuel_temple_firewalk_b,
          minivault_27, uniq_crazy_yiuf_cottage
D:6:      layout_cave_pools, mainiacjoe_overflow_boulevard, serial_column_ruins,
          column_ruins_hut_ruined, column_ruins_hut,
          column_ruins_columns_straight, column_ruins_grid_3,
          column_ruins_open_medium, gammafunk_ghost_split
D:7:      layout_basic, chequers_temple_overflow_statue_of_worship,
          nicolae_ossuary_entry_giza, minivault_10
D:8:      nzn_winding_woodlands_medium [nzn_winding_woodlands_5x5_cross,
          nzn_winding_woodlands_5x15_crooked,
          nzn_winding_woodlands_5x5_closed_star,
          nzn_winding_woodlands_5x5_three,
          nzn_winding_woodlands_center_pierced_h,
          nzn_winding_woodlands_5x5_open_star,
          nzn_winding_woodlands_5x5_checkerboard,
          nzn_winding_woodlands_5x15_eye, nzn_winding_woodlands_5x5_default],
          layout_loops_ring, kennysheep_mini_moat, uniq_grum, uniq_maggie,
          uniq_joseph
D:9:      layout_irregular_city, mainiacjoe_overflow_24_doors,
          erik_lair_orcish_takeover, nicolae_where_there's_smoke
D:10:     layout_basic, nzn_makhleb_speed_demon
D:11:     layout_basic, orc_0_dummy
D:12:     layout_basic, serial_undead, serial_undead_c, serial_undead_f,
          serial_undead_a, serial_undead_b, guppyfry_shop_blood
D:13:     layout_cave_pools, erik_vaults_2, chequers_mini_garden
D:14:     minmay_stone_box, layout_gridville, grunt_decor_resistance,
          uniq_louise
D:15:     grunt_enter_depths_hoard, layout_basic, gammafunk_ghost_crypt,
          nicolae_two_hexagons, uniq_azrael, uniq_rupert
Temple:   hellmonk_temple_of_storms
Lair:1:   layout_regular_city, serial_bayou_pond_a, small_statue_intersection,
          grunt_megastairs_1, serial_bayou_shore_b, lemuel_fruit_tree
Lair:2:   layout_cave_pods, gammafunk_ghost_hydra_chop
Lair:3:   layout_cave_shapes, swamp_mist, hellmonk_spider_entry_not_the_bees,
          columned_hall_lemuel, beast_lair_carwin_7
Lair:4:   layout_gridlike, minmay_holes, pond
Lair:5:   hellmonk_lair_end_abyssal_woods, layout_regular_city, slime_entry_1,
          serial_bayou, serial_bayou_lagoon_b, serial_bayou_pond_a,
          serial_bayou_pond_c, serial_bayou_pond_b, serial_bayou_lake_a,
          serial_bayou_ford_a, minmay_lair_oklob_bushes,
          grunt_forest_large_clearing_hut
Swamp:1:  layout_falls_marsh, nicolae_swamp_ascending_descending,
          infiniplex_staircase_pool_2, uniq_josephine
Swamp:2:  layout_basic_swamp, evilmike_swamp_ruin_house_5, swamp_pool_1_2,
          nicolae_swamp_necromancer_hut
Swamp:3:  nicolae_swamp_secret_spriggan_hideout, layout_falls_marsh,
          nicolae_swamp_feature_on_the_river_bank, swamp_pool_4,
          nicolae_swamp_big_swirl
Swamp:4:  swamp, layout_basic_swamp, swamp_pool_1_2
Spider:1: layout_spider_delve
Spider:2: layout_spider_delve, drop_trap
Spider:3: layout_chambers
Spider:4: spider_rune_water, nicolae_spider_stair_cavern
Orc:1:    layout_caves, ebering_ghost_inner_flame, basic_altar, uniq_urug,
          uniq_erica
Orc:2:    st_orc_open, layout_diamond_mine
Vaults:1: v_misc_28, nicolae_vaults_trapezoid_2, nicolae_vaults_tangram_1,
          ontoclasm_vaults_twist, hangedman_vaults_stitches,
          ontoclasm_vaults_claustrophobia, nicolae_vaults_storage_room_glass,
          nicolae_vaults_little_squares_2, vaults_room_guarded_vault,
          nicolae_vaults_little_squares_4, nicolae_vaults_spaceships,
          vaults_dpeg_hooks, vaults_room_grid,
          nicolae_vaults_trapezoid_lopsided_3,
          nicolae_vaults_heart-shaped_vault, layout_vaults_omnicross
Vaults:2: ploomutoo_gammafunk_ghost_potion_laboratory,
          nicolae_vaults_stand_back, v_pattern_4, nicolae_vaults_tetromino_T_2,
          minmay_crypt_entry_skeletal_spiral, v_misc_32, serial_ice_b,
          nicolae_vaults_little_squares_3, nicolae_vaults_diamond_1,
          vaults_dpeg_ring, vaults_room_door_hall,
          nicolae_vaults_layer_cake_slice, nicolae_vaults_cochlea,
          nicolae_vaults_windows_and_doors_thing, vaults_dpeg_diagonal,
          layout_vaults_ring, uniq_mara, uniq_margery
Vaults:3: st_cross, vaults_room_corners, hangedman_vaults_river_flow,
          hangedman_vaults_variations, nicolae_vaults_trapezoid_4,
          hangedman_vaults_unwind, nicolae_vaults_storage_closets_1,
          nicolae_vaults_mini_display_case, nicolae_vaults_tetromino_T_1,
          layout_vaults_big_room, uniq_donald, uniq_mennas
Vaults:4: portal_desolation_entry_salt, v_misc_29, hangedman_vaults_trim,
          nicolae_vaults_big_angled_halls, hangedman_vaults_snaps, st_star,
          vaults_room_stairs_pillars, v_pattern_2,
          nicolae_vaults_hexular_roomagon, grunt_vaults_twisty,
          hangedman_vaults_nails, v_alt_pattern_4,
          nicolae_vaults_offset_grid_hallway_3, nicolae_vaults_shelves_hall,
          nicolae_vaults_house_2, nicolae_vaults_diamond_1,
          layout_vaults_omnibox, uniq_frederick
Vaults:5
Depths:1: layout_roguey, grunt_hell_horde, abyss_entry,
          hangedman_abyss_or_decor_lesser_grid, minmay_shop_mass,
          nicolae_rare_books, lemuel_statue_altar, nicolae_water_bricks,
          nicolae_vehumet_altar_sigil, firewood_loft
Depths:2: minmay_roctagon, layout_cave_pools, pan_entry,
          nicolae_uskayaw_en_pointe, pf_hell_entry_tar_spiral,
          infiniplex_staircase_trident, uniq_grunn, uniq_nikola

Skill      XL: |  1  2  3  4  5  6  7  8  9 10 11 12 13 14 15 16 17 18 19 20 21 22 23 |
---------------+----------------------------------------------------------------------+-----
Unarmed Combat | 4 5 6 7 8 9 11 13 15 16 18 20 21 22 24 25 26 | 26.0
Fighting       | 2 3 4 5 6 8 10 11 12 13 14 15 16 17 19 20 | 20.0
Shapeshifting  | 4 5 7 8 9 10 11 13 15 17 19 | 19.7
Dodging        | 3 4 6 7 8 10 | 10.0
Armour         | 3 5 7 9 11 12 13 14 15 | 15.1
Evocations     | 4 5 |  5.0
Shields        | 3 9 10 | 10.1

Action                     |  1- 3 |  4- 6 |  7- 9 | 10-12 | 13-15 | 16-18 | 19-21 | 22-24 || total
---------------------------+-------+-------+-------+-------+-------+-------+-------+-------++-------
  Melee: Unarmed           |    60 |   155 |   309 |   524 |  1081 |  1237 |  1439 |   755 ||  5560
         Punch             |     1 |     3 |     4 |       |       |     2 |       |       ||    10
  Throw: Javelin           |       |       |     3 |       |       |       |       |       ||     3
 Invoke: Serpent's Lash    |       |       |       |       |       |     3 |     5 |     1 ||     9
         Heavenly Storm    |       |       |       |       |       |       |       |     2 ||     2
Ability: Lunge             |       |       |    19 |    22 |    38 |    72 |    54 |    37 ||   242
         Begin Untransform |       |       |     2 |       |       |       |     1 |       ||     3
         Whirlwind         |       |       |    24 |   110 |   268 |   207 |   263 |   296 ||  1168
         Wall Jump         |       |       |    15 |    24 |    80 |    28 |    36 |    13 ||   196
  Evoke: Wand              |       |     1 |       |    16 |     7 |       |     1 |       ||    25
    Use: Scroll            |       |     7 |    13 |     3 |     5 |     9 |     8 |     1 ||    46
         Potion            |       |     1 |     2 |       |       |     3 |     6 |       ||    12
 Armour: Ring mail         |    39 |    75 |       |       |       |       |       |       ||   114
         Skin              |       |     5 |       |       |       |     7 |       |       ||    12
         Chain mail        |       |     4 |   112 |       |       |   760 |   648 |       ||  1524
         Plate armour      |       |       |    73 |   320 |   411 |       |       |       ||   804
         Acid dragon scale |       |       |       |       |     7 |       |       |       ||     7
         Scale mail        |       |       |       |       |   176 |    12 |       |       ||   188
         Gold dragon scale |       |       |       |       |       |       |   249 |   433 ||   682
  Dodge: Dodged            |    55 |    74 |    66 |   137 |   286 |   386 |   381 |   140 ||  1525
  Block: Other             |       |    32 |    48 |    69 |   114 |    34 |       |       ||   297
         Reflection        |       |     1 |       |       |     1 |     3 |       |       ||     5
         Kite shield       |       |       |       |       |       |       |    17 |   228 ||   245
   Form: Beast             |       |       |     1 |       |       |       |       |       ||     1
         Flux              |       |       |     1 |       |       |       |       |       ||     1

Table legend: (Time is in decaauts)
 A = Elapsed time spent in this place.
 B = Non-inter-level travel time spent in this place.
 C = Inter-level travel time spent in this place.
 D = Time resting spent in this place.
 E = Time spent auto-exploring this place.
 F = Levels seen in this place.
 G = Mean time per level.
                   A        B        C        D        E       F      G
               +--------+--------+--------+--------+--------+-----+--------+
         Total |  15166 |  14139 |   1027 |    218 |     24 |  41 |  369.9 |
       Dungeon |   6659 |   6150 |    509 |    122 |     24 |  15 |  443.9 |
        Temple |     20 |     20 |      0 |      0 |      0 |   1 |   20.0 |
          Lair |   2018 |   1749 |    269 |      0 |      0 |   5 |  403.6 |
         Swamp |   1347 |   1241 |    106 |      0 |      0 |   4 |  336.8 |
   Spider Nest |   1002 |    962 |     40 |     12 |      0 |   4 |  250.5 |
  Orcish Mines |    688 |    651 |     37 |      0 |      0 |   2 |  344.0 |
        Vaults |   2317 |   2266 |     51 |      0 |      0 |   5 |  463.4 |
        Depths |    317 |    304 |     13 |      0 |      0 |   2 |  158.5 |
         Abyss |    319 |    319 |      0 |     56 |      0 |   1 |  319.0 |
       Ossuary |    156 |    156 |      0 |      0 |      0 |   1 |  156.0 |
    Desolation |    317 |    317 |      0 |     28 |      0 |   1 |  317.0 |
               +--------+--------+--------+--------+--------+-----+--------+

Top non-repeatable levels by time:
  Lair:5: 904 daAuts
Vaults:5: 833 daAuts
     D:4: 749 daAuts
     D:8: 693 daAuts
Vaults:2: 676 daAuts
     D:9: 626 daAuts
    D:15: 567 daAuts
Spider:4: 555 daAuts
     D:5: 553 daAuts
     D:7: 530 daAuts
   Orc:2: 506 daAuts
Vaults:4: 486 daAuts
    D:10: 486 daAuts
 Swamp:3: 475 daAuts
    D:12: 414 daAuts
